 Dungeon Crawl Stone Soup version 0.31-a0-426-g3a05650e59 (webtiles) character file.

Game seed: 12146467409931772854

1906 Maxmaps the Sneak (level 9, -1/61 HPs)
             Began as an Octopode Shapeshifter on July 30, 2023.
             Slain by a gnoll bouda
             ... wielding a +0 club
              (13 damage)
             ... on level 7 of the Dungeon.
             The game lasted 00:05:40 (5446 turns).

Maxmaps the Sneak (Octopode Shapeshifter)           Turns: 5446, Time: 00:05:40

Health: -1/61      AC:  1    Str: 14    XL:     9   Next: 16%
Magic:  9/9        EV: 14    Int: 15    God:
Gold:   173        SH:  0    Dex: 12    Spells: 8/8 levels left

rFire   . . .        m - +2 dagger (venom)
rCold   . . .        (no shield)
rNeg    . . .        (helmet currently unavailable)
rPois   .            (no amulet)
rElec   .            (no ring)
rCorr   .            (no ring)
SInv    .            (no ring)
Will    .....        (no ring)
Stlth   ++++         (no ring)
HPRegen 0.30/turn    (no ring)
MPRegen 0.11/turn    (no ring)
                     (no ring)

%: no passive effects
@: beast-form
A: beast (slay +4), almost no armour, amphibious, 8 rings, camouflage 1,
gelatinous body 1, (nimble swimmer 1), tentacles
a: Begin Untransformation


You were on level 7 of the Dungeon.
You were a hulking beast.
You visited 1 branch of the dungeon, and saw 6 of its levels.
You also visited: Sewer.

You collected 173 gold pieces.

Inventory:

Hand Weapons
 m - a +2 dagger of venom (weapon)
Jewellery
 c - a ring of fire
Talismans
 b - a beast talisman (active)
Scrolls
 a - a scroll of blinking
 i - a scroll of enchant armour
 j - 3 scrolls of teleportation
 l - a scroll of fog {unknown}
 p - a scroll of vulnerability {unknown}
Potions
 d - a potion of magic
 e - 2 potions of curing {unknown}
 f - a potion of invisibility
 g - a potion of haste {unknown}
 h - a potion of resistance {unknown}
 k - 2 potions of heal wounds
 n - a potion of cancellation {unknown}
 o - a potion of degeneration {unknown}


   Skills:
 - Level 5.2 Fighting
 - Level 5.1 Short Blades
 - Level 5.1 Dodging
 - Level 6.1 Stealth
 - Level 3.0 Unarmed Combat
 + Level 5.8 Shapeshifting


You had 8 spell levels left.
You didn't know any spells.
Your spell library contained the following spells:

 Spells                   Type           Power      Damage    Failure   Level
 Sandblast                Erth           0%         2d4       26%         1
 Passwall                 Tmut/Erth      0%         N/A       38%         2
 Sublimation of Blood     Necr           0%         N/A       38%         2
 Wereblood                Tmut           0%         N/A       38%         2
 Stone Arrow              Conj/Erth      0%         3d7       63%         3
 Summon Hydra             Summ           0%         N/A       100%        7


Dungeon Overview and Level Annotations

Branches:
Dungeon (7/15)              Sewer (visited)
 Temple: D:4-7

Altars:
Cheibriados
Ru

Annotations:
D:6 3 runed translucent doors, Palms's ghost, novice TrSh


Innate Abilities, Weirdness & Mutations

You are a hulking beast.
Your limbs bulge with bestial killing power. (Slay +4)
You cannot wear most types of armour.
You are amphibious.
You can wear up to eight rings at the same time.
Your skin changes colour to match your surroundings (Stealth+).
Your rubbery body absorbs attacks. (AC +1, EV +1)
((You are camouflaged when in or above water. (Stealth+)))
You have tentacles for arms and can constrict up to eight enemies at once.


Message History

A bullfrog comes into view.
Things that are here:
a +0 hand axe; an orc corpse
There are monsters nearby!
A gnoll bouda comes into view. It is wielding a +0 club.
There are monsters nearby!
The gnoll bouda shouts!
The bullfrog croaks.
You hit the bullfrog. You grab the bullfrog. You squeeze the bullfrog!
The bullfrog is severely wounded.
You constrict the bullfrog. The bullfrog hits you.
You puncture the bullfrog!
You kill the bullfrog!
You hit the steam dragon but do no damage.
The steam dragon is poisoned.
You squeeze the steam dragon!
The steam dragon is moderately wounded.
The steam dragon breathes steam at you. The ball of steam hits you!
The gnoll bouda barks out a call to the hunt!
You hear a shout! x3
You closely miss the steam dragon.
The steam dragon is moderately wounded.
You are engulfed in a cloud of scalding steam.
A gnoll comes into view. It is wielding a +0 whip.
The steam dragon closely misses you. The steam dragon claws you.
The gnoll bouda barely misses you.
You hit the steam dragon but do no damage.
The steam dragon looks as sick as possible!
The steam dragon is moderately wounded.
The steam dragon closely misses you. The steam dragon barely misses you.
The gnoll bouda hits you with a +0 club!
You hit the gnoll bouda.
The gnoll bouda is poisoned.
Your grab misses the gnoll bouda.
The gnoll bouda is moderately wounded.
The steam dragon bites you! The steam dragon misses you.
The gnoll bouda barely misses you. The gnoll attacks as you move away!
The gnoll hits you with a +0 whip!
* * * LOW HITPOINT WARNING * * *
The gnoll bouda attacks as you move away!
The gnoll bouda hits you with a +0 club!
You die...

..........####'#.......#
#.##..).#)# #.#.......#
#.#.....#)# #.#########
..#.###.#.# #.#####
..#.....#.# #.....#
.....####.# #####.#
#<.#.# #.# ##)## #..#.#
#.#######...##
...#.####.##....hD...#
##.#.>....##.##gg.♣♣.#
...######## #.♣♣♣ ♣.#
#### #. ..# #. ..# #.
#.# #. #.


You could see a steam dragon (extremely poisoned), a gnoll bouda (very poisoned)
and a gnoll (swift).

Vanquished Creatures
  Menkaure (D:6)
  An acid dragon (D:6)
  A water moccasin (D:6)
  An orc warrior (D:7)
  A black bear (D:3)
  A sky beast (D:6)
  3 bullfrogs
  3 scorpions
  3 wights (D:7)
  4 killer bees (D:7)
  A howler monkey (D:6)
  A hound (D:4)
  A jelly (D:6)
  2 iguanas
  An iron imp (D:6)
  A sleepcap (D:4)
  Jessica (D:2)
  7 orc wizards
  10 adders
  3 white imps
  2 dart slugs
  15 orcs
  A bat (D:2)
  5 endoplasms
  10 giant cockroaches
  7 hobgoblins
  4 jackals (D:4)
  9 quokkas
  7 ball pythons
  10 frilled lizards
  5 goblins
  5 kobolds
  2 rats (D:1)
129 creatures vanquished.

Notes
Turn   | Place    | Note
-------+----------+-------------------------------------------
     0 | D:1      | Maxmaps the Octopode Shapeshifter began the quest for the
                  | Orb.
     0 | D:1      | Reached XP level 1. HP: 13/13 MP: 1/1
   384 | D:1      | Reached XP level 2. HP: 19/19 MP: 2/2
   941 | D:2      | Reached XP level 3. HP: 26/26 MP: 3/3
  1253 | D:2      | Reached skill level 1 in Short Blades
  1352 | D:2      | Noticed Jessica
  1360 | D:2      | Killed Jessica
  1361 | D:2      | Reached XP level 4. HP: 31/31 MP: 4/4
  1383 | D:2      | Found a faded altar of an unknown god.
  1646 | D:3      | Reached XP level 5. HP: 24/36 MP: 5/5
  1921 | D:3      | Noticed a black bear
  1930 | D:3      | Killed a black bear
  1931 | D:3      | Reached XP level 6. HP: 27/42 MP: 6/6
  2021 | D:3      | Reached skill level 5 in Short Blades
  2541 | D:4      | Found a glowing drain.
  2553 | Sewer    | Entered a sewer
  2696 | Sewer    | Reached XP level 7. HP: 7/49 MP: 7/7
  2706 | Sewer    | Reached skill level 5 in Fighting
  2940 | D:4      | Found a sacrificial altar of Ru.
  3069 | D:4      | You fall into a shaft and drop 2 floors!
  3113 | D:6      | Noticed Menkaure
  3115 | D:6      | Killed Menkaure
  3215 | D:6      | Reached skill level 5 in Dodging
  3215 | D:6      | Reached XP level 8. HP: 7/55 MP: 8/8
  3404 | D:6      | Found a runed translucent gate.
  3405 | D:6      | Found a runed translucent gate.
  3409 | D:6      | Found a runed translucent gate.
  3410 | D:6      | Noticed Palms's ghost (novice TrSh)
  3508 | D:6      | Reached skill level 2 in Stealth
  3736 | D:6      | Reached skill level 3 in Stealth
  3818 | D:6      | Reached skill level 4 in Stealth
  3830 | D:6      | Reached skill level 5 in Stealth
  4114 | D:6      | Found a snail-covered altar of Cheibriados.
  4345 | D:6      | Reached skill level 6 in Stealth
  5232 | D:7      | Reached skill level 5 in Shapeshifting
  5232 | D:7      | Reached XP level 9. HP: 61/61 MP: 9/9
  5446 | D:7      | Slain by a gnoll bouda

Illustrated notes

Levels and vault maps discovered:
D:1:      heliophobic_arrival_henge, layout_loops_corners
D:2:      wander_river, layout_basic, hellmonk_ecumenical_altar_arch_garden,
          nicolae_half_adder, uniq_jessica
D:3:      layout_loops_ring
D:4:      layout_basic, nicolae_uskayaw_en_pointe, kennysheep_little_box,
          hangedman_ru_absence, portal_sewer_entry_d
D:6:      layout_loops_ring, chei_slow_surprise, gammafunk_ghost_split,
          hex_medium, uniq_menkaure
D:7:      layout_basic, nrook_campfire, hangedman_decor_slide_cut

Skill      XL: |  1  2  3  4  5  6  7  8 |
---------------+-------------------------+-----
Fighting       | 2 3 4 5 |  5.2
Short Blades   | 2 3 4 5 |  5.1
Dodging        | 5 |  5.1
Stealth        | 6 |  6.1
Shapeshifting  | 5 |  5.8
Unarmed Combat | |  3.0

Action                     |  1- 3 |  4- 6 |  7- 9 || total
---------------------------+-------+-------+-------++-------
  Melee: Unarmed           |     8 |       |       ||     8
         Constrict         |    19 |    33 |    33 ||    85
         Dagger            |    44 |   110 |   149 ||   303
         Tentacles         |     8 |    23 |    41 ||    72
         Punch             |       |     8 |     2 ||    10
    Use: Potion            |       |     1 |     3 ||     4
         Scroll            |       |       |     6 ||     6
   Stab: Sleeping          |     4 |     5 |     5 ||    14
 Armour: Skin              |     2 |    29 |    13 ||    44
  Dodge: Dodged            |    14 |    55 |    56 ||   125

Table legend: (Time is in decaauts)
 A = Elapsed time spent in this place.
 B = Non-inter-level travel time spent in this place.
 C = Inter-level travel time spent in this place.
 D = Time resting spent in this place.
 E = Time spent auto-exploring this place.
 F = Levels seen in this place.
 G = Mean time per level.
                   A        B        C        D        E       F      G
               +--------+--------+--------+--------+--------+-----+--------+
         Total |   5388 |   5304 |     84 |   1008 |   3473 |   7 |  769.7 |
       Dungeon |   5022 |   4938 |     84 |    890 |   3376 |   6 |  837.0 |
         Sewer |    366 |    366 |      0 |    118 |     97 |   1 |  366.0 |
               +--------+--------+--------+--------+--------+-----+--------+

Top non-repeatable levels by time:
     D:6: 1358 daAuts
     D:7: 995 daAuts
     D:1: 897 daAuts
     D:3: 720 daAuts
     D:2: 691 daAuts
   Sewer: 366 daAuts
     D:4: 359 daAuts
